 Dungeon Crawl Stone Soup version 0.30-a0-1066-g63dfefce0d (webtiles) character file.

Game seed: 4526756945333384491

19 xian the Trooper (level 2, -1/24 HPs)
             Began as a Demonspawn Berserker on Apr 13, 2023.
             Was a Follower of Trog.
             Slain by an orc wizard
             ... wielding a +0 dagger
              (4 damage)
             ... on level 2 of the Dungeon.
             The game lasted 00:01:42 (719 turns).

xian the Trooper (Demonspawn Berserker)              Turns: 719, Time: 00:01:43

Health: -1/24      AC:  3    Str: 17    XL:     2   Next: 55%
Magic:  2/2        EV: 12    Int:  8    God:    Trog [*.....]
Gold:   17         SH:  0    Dex: 12    Spells: 1/1 levels left

rFire   . . .      SeeInvis .    a - +0 hand axe
rCold   . . .      Faith    .    (no shield)
rNeg    . . .      Spirit   .    f - +0 leather armour
rPois   .          Reflect  .    (no helmet)
rElec   .          Rampage  .    (no cloak)
rCorr   .                        (no gloves)
Will    .....                    (no boots)
Stlth   +                        (no amulet)
HPRegen 0.24/turn                (no ring)
MPRegen 0.08/turn                (no ring)

@: on berserk cooldown, slowed, very slow
A: ignite blood 1
a: Renounce Religion, Berserk


You were on level 2 of the Dungeon.
You worshipped Trog.
Trog was aware of your devotion.
You visited 1 branch of the dungeon, and saw 2 of its levels.

You collected 17 gold pieces.

Inventory:

Hand Weapons
 a - a +0 hand axe (weapon)
Missiles
 c - 11 stones (quivered)
Armour
 f - a +0 leather armour (worn)
Scrolls
 h - a scroll of poison {unknown}
 i - a scroll of teleportation {unknown}
 j - a scroll of identify {unknown}
 k - a scroll of butterflies {unknown}
Potions
 b - a potion of mutation {unknown}
 d - a potion of ambrosia {unknown}
 e - a potion of degeneration {unknown}
 g - a potion of attraction {unknown}
 l - a potion of resistance {unknown}


   Skills:
 + Level 3.4 Fighting
 + Level 2.9 Axes
 + Level 1.9 Armour
 + Level 2.0 Dodging
 + Level 0.3 Stealth


You had one spell level left.
You didn't know any spells.
Your spell library contained the following spells:

 Spells                   Type           Power      Damage    Failure   Level
 Vhi's Electric Charge    Tloc/Air       0%         N/A       83%         3
 Arcjolt                  Conj/Air       0%         1d10      100%        5
 Maxwell's Capacitive Co  Air            0%         ∞         100%        8


Dungeon Overview and Level Annotations

Branches:
Dungeon (2/15)

Altars:


Innate Abilities, Weirdness & Mutations

Your demonic aura sometimes causes spilled blood to erupt in flames.


Message History

You feel less confused. The orc wizard barely misses you.
The orc closely misses you.
A red film seems to cover your vision as you go berserk!
You feel yourself moving faster!
You feel mighty! The orc wizard closely misses you. The orc closely misses you.
You hit the orc but do no damage.
The orc is heavily wounded.
You hit the orc wizard but do no damage.
The orc hits you with a +0 war axe.
The orc wizard hits you but does no damage.
You slash the orc!
You kill the orc!
Trog accepts your kill.
You barely miss the orc wizard.
The orc wizard hits you with a +0 dagger.
Things that are here:
a +0 war axe; a +0 chain mail; an orc corpse You feel a strong urge to attack something.
The orc wizard hits you but does no damage.
The orc wizard closely misses you.
You hit the orc wizard.
The orc wizard is severely wounded.
You are no longer berserk.
You are exhausted.
You feel yourself slow down.
You closely miss the orc wizard.
The orc wizard is severely wounded.
The orc wizard hits you with a +0 dagger.
* * * LOW HITPOINT WARNING * * *
The orc wizard barely misses you.
You hit the orc wizard but do no damage.
The orc wizard is severely wounded.
The orc wizard misses you.
The orc wizard hits you with a +0 dagger.
* * * LOW HITPOINT WARNING * * *
You closely miss the orc wizard.
The orc wizard is severely wounded.
The orc wizard barely misses you.
The orc wizard hits you with a +0 dagger.
You die...

####.#.# ..# #......#
..# #.##...# ###+ #.#
#.#<...# #...##.#
#.#....# . #......#
#.#....# ..##......#
#.#......
..........#####.##.###.#
........o@..)...##.. .#
..##....).########## #
######.# #.# #.# #+#


You could see an orc wizard.

Vanquished Creatures
  3 orcs (D:2)
  A bat (D:1)
  A hobgoblin (D:1)
  3 jackals (D:1)
  2 kobolds (D:1)
  4 ball pythons
  A rat (D:1)
15 creatures vanquished.

Notes
Turn   | Place    | Note
-------+----------+-------------------------------------------
     0 | D:1      | xian the Demonspawn Berserker began the quest for the Orb.
     0 | D:1      | Reached XP level 1. HP: 18/18 MP: 1/1
   278 | D:1      | Gained mutation: Your demonic aura sometimes causes spilled
                  | blood to erupt in flames. [demonic ancestry]
   278 | D:1      | Reached XP level 2. HP: 21/24 MP: 2/2
   719 | D:2      | Slain by an orc wizard

Illustrated notes

Levels and vault maps discovered:
D:1:      minmay_arrival_wavy_path, layout_loops_ring,
          chequers_serial_rivers_marsh, eino_curves_01
D:2:      layout_basic, chequers_serial_rivers_large_b

Skill      XL: |  1  2 |
---------------+-------+-----
Dodging        | 2 |  2.0
Fighting       | |  3.4
Axes           | |  2.9
Armour         | |  1.9
Stealth        | |  0.3

Action                     || total
---------------------------++-------
  Melee: Hand axe          ||    45
 Invoke: Berserk           ||     2
 Armour: Animal skin       ||     7
         Leather armour    ||     6
  Dodge: Dodged            ||    49

Table legend: (Time is in decaauts)
 A = Elapsed time spent in this place.
 B = Non-inter-level travel time spent in this place.
 C = Inter-level travel time spent in this place.
 D = Time resting spent in this place.
 E = Time spent auto-exploring this place.
 F = Levels seen in this place.
 G = Mean time per level.
                   A        B        C        D        E       F      G
               +--------+--------+--------+--------+--------+-----+--------+
         Total |    733 |    699 |     34 |      0 |    502 |   2 |  366.5 |
       Dungeon |    733 |    699 |     34 |      0 |    502 |   2 |  366.5 |
               +--------+--------+--------+--------+--------+-----+--------+

Top non-repeatable levels by time:
     D:1: 684 daAuts
     D:2: 49 daAuts
